 Dungeon Crawl Stone Soup version 0.22-a0-322-g60b3cfd (webtiles) character file.

1257 Cattac the Covert (level 8, -1/42 HPs)
             Began as a Spriggan Enchanter on Apr 3, 2018.
             Was a Believer of Dithmenos.
             Killed by Freeze
             ... invoked by b5mith's ghost
              (14 damage)
             ... on level 5 of the Dungeon.
             The game lasted 01:06:55 (5211 turns).

Cattac the Covert (Spriggan Enchanter)              Turns: 5211, Time: 01:06:56

Health: -1/42      AC:  9    Str: 11    XL:     8   Next: 27%
Magic:  12/16      EV: 21    Int: 23    God:    Dithmenos [**....]
Gold:   200        SH:  0    Dex: 16    Spells: 13/17 levels left

rFire    . . .     SeeInvis +   p - +0 dagger (protect)
rCold    . . .     Gourm    .   (shield restricted)
rNeg     . . .     Faith    .   b - +0 robe
rPois    .         Spirit   .   (helmet restricted)
rElec    .         Reflect  .   (no cloak)
rCorr    .         Harm     .   (gloves unavailable)
MR       +....                  (boots unavailable)
Stlth    ++++++....             (no amulet)
HPRegen  0.14/turn              c - ring of stealth
MPRegen  0.15/turn              q - +6 ring of intelligence

@: mighty, protection aura, wreathed by umbra, very quick
A: very small, unfitting armour, see invisible, herbivore, speed 3, slow
metabolism 2
a: Shadow Step, Renounce Religion


You were on level 5 of the Dungeon.
You worshipped Dithmenos.
Dithmenos was pleased with you.
You were not hungry.

You visited 2 branches of the dungeon, and saw 6 of its levels.

You collected 396 gold pieces.
You spent 196 gold pieces at shops.

Inventory:

Hand Weapons
 a - a +1 dagger
 p - a +0 dagger of protection (weapon)
Armour
 b - a +0 robe (worn)
 w - a +0 animal skin
Jewellery
 c - a ring of stealth (left hand)
 e - an uncursed ring of magical power
 q - a +6 ring of intelligence (right hand)
 u - a +3 ring of dexterity
Wands
 i - a wand of digging (12)
 y - a wand of paralysis (14)
Scrolls
 f - 9 scrolls of remove curse
 g - 3 scrolls of teleportation
 l - a scroll of fear
 o - a scroll of blinking {unknown}
 r - a scroll of magic mapping
 s - a scroll of immolation {unknown}
 t - 5 scrolls of identify {unknown}
 x - a scroll of amnesia {unknown}
 C - a scroll of fog {unknown}
 D - a scroll of enchant armour {unknown}
Potions
 h - 4 potions of curing
 j - a potion of cancellation {unknown}
 k - a potion of lignification {unknown}
 n - a potion of magic {unknown}
 v - a potion of invisibility {unknown}
 z - a potion of heal wounds
 A - a potion of flight
 B - a potion of agility {unknown}
Comestibles
 d - 6 rations


   Skills:
 + Level 4.4 Fighting
 + Level 5.4 Short Blades
 + Level 5.4 Dodging
 - Level 8.1 Stealth
 - Level 5.0 Spellcasting
 - Level 4.0 Hexes


You had 13 spell levels left.
You knew the following spells:

 Your Spells              Type           Power        Failure   Level  Hunger
a - Corona                Hex            ###....      1%          1    None
b - Ensorcelled Hibernat  Hex/Ice        ###...       6%          2    None
c - Confusing Touch       Hex            ###...       1%          1    None


Dungeon Overview and Level Annotations

Branches:
Dungeon (5/15)             Temple (1/1) D:4

Altars:
Ashenzari
Dithmenos
Elyvilon
Fedhas
Gozag
Hepliaklqana
Kikubaaqudgha
Makhleb
Okawaru
Ru
Sif Muna
Trog
Uskayaw
Vehumet
Wu Jian
Xom
Yredelemnul
Zin
The Shining One

Shops:
D:4 !

Annotations:
D:5 b5mith's ghost, amateur DsIE


Innate Abilities, Weirdness & Mutations

You are very small and have problems with some larger weapons.
You are too small for most types of armour.
You have supernaturally acute eyesight. (SInv)
You are a herbivore.
You cover ground extremely quickly.
You need to consume almost no food.


Message History

You hit b5mith's ghost but do no damage.
Your weapon exudes an aura of protection.
B5mith's ghost casts a spell at you.
You are frozen.
You feel very mighty all of a sudden.
B5mith's ghost gestures at you while chanting.
You are frozen.
You closely miss b5mith's ghost. B5mith's ghost casts a spell at you.
You are frozen.
You puncture b5mith's ghost!
B5mith's ghost is lightly damaged.
You hit b5mith's ghost but do no damage.
B5mith's ghost is lightly damaged.
B5mith's ghost misses you.
You hit b5mith's ghost.
B5mith's ghost is moderately damaged.
B5mith's ghost gestures at you while chanting.
You are frozen.
You die...

#..####.# .# ####
........# .# #...
.O......###.# #.##
#....[..# #<##
#..###..########.##
.#####..###..........>..
.............########.##
.#####!.###### #.# #.@#
#.# .#####.W######## #.#
...............######.#
######................##
#†....###...##.....
####†## #...##.####
#######.# #...##.#
........# #...##.#
.######.# #...##.###.


You could see b5mith's ghost.

Vanquished Creatures
  Sigmund (D:2)
  4 ogres
  3 centaurs
  3 scorpions
  A howler monkey (D:4)
  A crimson imp (D:5)
  A hound (D:5)
  A worker ant (D:4)
  Robin (D:2)
  A worker ant zombie (D:5)
  4 gnolls (D:2)
  7 adders
  A shadow imp (D:5)
  2 oozes (D:3)
  6 worms
  5 dart slugs
  4 leopard geckos
  9 orcs
  3 giant cockroaches
  13 goblins
  6 hobgoblins
  4 jackals (D:5)
  3 quokkas
  A ball python (D:4)
  8 bats
  7 frilled lizards
  8 kobolds
  A leopard gecko skeleton (D:4)
  4 rats (D:1)
113 creatures vanquished.

Notes
Turn   | Place    | Note
-------+----------+-------------------------------------------
     0 | D:1      | Cattac the Spriggan Enchanter began the quest for the Orb.
     0 | D:1      | Reached XP level 1. HP: 9/9 MP: 5/5
   189 | D:1      | Reached XP level 2. HP: 14/14 MP: 6/6
   193 | D:1      | Learned a level 2 spell: Ensorcelled Hibernation
   199 | D:1      | Reached skill level 1 in Fighting
   910 | D:2      | Reached skill level 5 in Stealth
   910 | D:2      | Reached XP level 3. HP: 17/18 MP: 0/8
  1167 | D:2      | Noticed Sigmund
  1211 | D:2      | Reached XP level 4. HP: 23/23 MP: 9/9
  1250 | D:2      | Noticed Robin
  1454 | D:3      | Found a shadowy altar of Dithmenos.
  1476 | D:3      | Became a worshipper of Dithmenos the Shadowed
  1551 | D:3      | Noticed a centaur
  1862 | D:3      | Found a shimmering altar of Xom.
  2016 | D:3      | Found a sacrificial altar of Ru.
  2051 | D:3      | Reached skill level 6 in Stealth
  2051 | D:3      | Reached XP level 5. HP: 22/27 MP: 2/10
  2167 | D:3      | Found a deep blue altar of Sif Muna.
  2317 | D:3      | Killed a centaur
  2650 | D:2      | Reached skill level 7 in Stealth
  3180 | D:2      | Killed Sigmund
  3180 | D:2      | Reached skill level 8 in Stealth
  3180 | D:2      | Reached XP level 6. HP: 27/32 MP: 2/11
  3313 | D:2      | Reached * piety under Dithmenos
  3466 | D:2      | Killed Robin
  3780 | D:4      | Reached XP level 7. HP: 36/36 MP: 4/12
  3871 | D:4      | Found a staircase to the Ecumenical Temple.
  3886 | Temple   | Entered the Ecumenical Temple
  3984 | D:4      | Found Esonlit's Distillery.
  3987 | D:4      | Bought a potion of heal wounds for 70 gold pieces
  3987 | D:4      | Bought a potion of flight for 42 gold pieces
  3987 | D:4      | Bought a potion of curing for 42 gold pieces
  3987 | D:4      | Bought a potion of curing for 42 gold pieces
  4029 | D:4      | Found a glowing silver altar of Zin.
  4029 | D:4      | Found an opulent altar of Gozag.
  4712 | D:4      | Found a basalt altar of Yredelemnul.
  4712 | D:4      | Found an ornate altar of the Wu Jian Council.
  4712 | D:4      | Found a glowing golden altar of the Shining One.
  4801 | D:5      | Entered Level 5 of the Dungeon
  4870 | D:5      | Reached skill level 5 in Short Blades
  4870 | D:5      | Reached XP level 8. HP: 36/42 MP: 1/15
  4881 | D:5      | Learned a level 1 spell: Confusing Touch
  5086 | D:5      | Reached skill level 5 in Dodging
  5175 | D:5      | Reached ** piety under Dithmenos
  5179 | D:5      | Noticed b5mith's ghost (amateur DsIE)
  5180 | D:5      | Reached skill level 5 in Spellcasting
  5211 | D:5      | Killed from afar by b5mith's ghost

Vault maps used:
D:1:      matt_arrival_spirals, minivault_11, dk_noncrumbling_3
D:2:      first_ration, uniq_sigmund, uniq_robin
D:3:      nicolae_overflow_hidden_temple, overflow_temple_1_default,
          nicolae_ru_sacrificial_ziggurat, minivault_24, minivault_24, tgw_sif
D:4:      grunt_temple_overflow_gold_and_silver, minitemple,
          minmay_temple_entry_purple_smoke, serial_shops, kennysheep_mini_moat,
          hex_tiny
D:5:      eino_curves_04
Temple:   cyrus_temple_forest

Skill      XL: |  1  2  3  4  5  6  7  8 |
---------------+-------------------------+-----
Fighting       | 1 2 3 4 |  4.4
Stealth        | 5 6 8 |  8.1
Short Blades   | 2 3 4 5 |  5.4
Spellcasting   | 3 4 5 |  5.0
Hexes          | 4 |  4.0
Dodging        | 4 5 |  5.4

Action                   |  1- 3 |  4- 6 |  7- 9 || total
-------------------------+-------+-------+-------++-------
Melee: Dagger            |    94 |   150 |   124 ||   368
 Cast: Corona            |     3 |       |     1 ||     4
       Ensorcelled Hiber |    12 |    54 |    29 ||    95
       Confusing Touch   |       |       |     2 ||     2
  Use: Scroll            |     2 |     3 |       ||     5
       Potion            |     1 |     2 |     1 ||     4
 Stab: Sleeping          |    24 |    37 |    24 ||    85
       Distracted        |       |     1 |       ||     1
  Eat: Ration            |       |     2 |     1 ||     3
Armor: Robe              |    11 |    20 |    18 ||    49
Dodge: Dodged            |    68 |   111 |    92 ||   271

Table legend:
 A = Spawn XP
 B = Non-spawn XP
 C = Spawn XP percentage of total XP
 D = Spawn monster count
 E = Non-spawn monster count
 F = Spawn count percentage of total count
 G = Total turns spent on level
                    A         B        C        D         E        F      G
               +---------+---------+-------+---------+---------+-------+---------
         Total |       0 |    1797 |   0.0 |       0 |     113 |   0.0 |  5211
               +---------+---------+-------+---------+---------+-------+---------
           D:1 |       0 |      41 |   0.0 |       0 |      22 |   0.0 |   905
           D:2 |       0 |     407 |   0.0 |       0 |      37 |   0.0 |  1516
           D:3 |       0 |     181 |   0.0 |       0 |      22 |   0.0 |  1224
           D:4 |       0 |     738 |   0.0 |       0 |      17 |   0.0 |  1067
           D:5 |       0 |     430 |   0.0 |       0 |      15 |   0.0 |   410
               +---------+---------+-------+---------+---------+-------+---------
